 Dungeon Crawl Stone Soup version 0.22-a0-587-g7d32d7c (webtiles) character file.

52 iamserjio the Skirmisher (level 3, -2/29 HPs)
             Began as a Demonspawn Berserker on July 4, 2018.
             Was a Follower of Trog.
             Slain by a gnoll
             ... wielding a +0 club
              (4 damage)
             ... on level 3 of the Dungeon.
             The game lasted 00:02:12 (270 turns).

iamserjio the Skirmisher (Demonspawn Berserker)      Turns: 270, Time: 00:02:13

Health: -2/29      AC:  3    Str: 18    XL:     3   Next: 60%
Magic:  3/3        EV: 12    Int:  8    God:    Trog [*.....]
Gold:   30         SH:  0    Dex: 12    Spells: 2/2 levels left

rFire    . . .     SeeInvis .   a - +0 hand axe
rCold    . . .     Gourm    .   (no shield)
rNeg     . . .     Faith    .   e - +0 leather armour
rPois    .         Spirit   .   (no helmet)
rElec    .         Reflect  .   (no cloak)
rCorr    .         Harm     .   (no gloves)
MR       .....                  (no boots)
Stlth    +.........             (no amulet)
HPRegen  0.09/turn              (no ring)
MPRegen  0.08/turn              (no ring)

@: berserk cooldown, slowed, very slow
A: hooves 1, powered by death 1
a: Berserk, Renounce Religion


You were on level 3 of the Dungeon.
You worshipped Trog.
Trog was aware of your devotion.
You were not hungry.

You visited 1 branch of the dungeon, and saw 3 of its levels.

You collected 30 gold pieces.

Inventory:

Hand Weapons
 a - a +0 hand axe (weapon)
Armour
 b - a +0 animal skin
 e - a +0 leather armour (worn)
Comestibles
 c - a ration
 f - 7 chunks of flesh


   Skills:
 + Level 3.3 Fighting
 * Level 3.2 Axes
 * Level 2.5 Armour
 + Level 2.2 Dodging


You had 2 spell levels left.
You didn't know any spells.
Your spell library was empty.

Dungeon Overview and Level Annotations

Branches:
Dungeon (3/15)

Altars:


Innate Abilities, Weirdness & Mutations

You have large cloven feet.
You regenerate a little health from kills.


Message History

You have reached level 3!
Your experience leads to an increase in your attributes!
Your base attributes are Str 17, Int 8, Dex 12.
Increase (S)trength, (I)ntelligence, or (D)exterity?
You feel stronger.
Your demonic ancestry asserts itself...
Your feet thicken and deform.
The gnoll hits you with a spear.
* * * LOW HITPOINT WARNING * * *
You slash the gnoll! You kick the gnoll.
The gnoll is almost dead.
You slash the gnoll!
You kill the gnoll!
Trog accepts your kill.
An orc comes into view.
You are no longer berserk.
You are exhausted.
You feel yourself slow down.
The orc shouts!
The gnoll hits you with a club.
You die...

≈≈≈♣... ≈o≈.... ...
.≈≈♣... ##.# #.. ≈≈.g...
..# #..
#......##+##.###.#######
.. ...........#... ....
#.##g........#..# #.
#....@)....#.#..# ###.
#............#..###...
#....)...............<
#.....................
#....................#
#......>#####.........
######### #.#..###.#
#.#..#.#.# #.#....#..


You could see 2 gnolls and an orc.

Vanquished Creatures
  Terence (D:3)
  A gnoll (D:3)
  An adder (D:3)
  A giant cockroach (D:1)
  A goblin (D:3)
  2 hobgoblins (D:3)
  A bat (D:2)
  3 rats
11 creatures vanquished.

Notes
Turn   | Place    | Note
-------+----------+-------------------------------------------
     0 | D:1      | iamserjio the Demonspawn Berserker began the quest for the Orb.
     0 | D:1      | Reached XP level 1. HP: 18/18 MP: 1/1
    89 | D:3      | Gained mutation: You regenerate a little health from kills. [demonic ancestry]
    89 | D:3      | Reached XP level 2. HP: 24/24 MP: 2/2
   256 | D:3      | Noticed Terence
   267 | D:3      | Killed Terence
   267 | D:3      | Gained mutation: You have large cloven feet. [demonic ancestry]
   267 | D:3      | Reached XP level 3. HP: 8/29 MP: 3/3
   270 | D:3      | Slain by a gnoll

Vault maps used:
D:1:      onia_arrival_larder, serial_bayou_pond_c
D:3:      amethyst_killhole, serial_bayou_pond_b, uniq_terence, uniq_jessica

Skill      XL: |  1  2 |
---------------+-------+-----
Armour         | 2 |  2.5
Dodging        | 2 |  2.2
Axes           | 3 |  3.2
Fighting       | |  3.3

Action                   || total
-------------------------++-------
Melee: Hand axe          ||    35
       Kick              ||     1
Invok: Berserk           ||     2
  Use: Potion            ||     2
 Stab: Sleeping          ||     2
Armor: Animal skin       ||     4
Dodge: Dodged            ||    21

Table legend:
 A = Spawn XP
 B = Non-spawn XP
 C = Spawn XP percentage of total XP
 D = Spawn monster count
 E = Non-spawn monster count
 F = Spawn count percentage of total count
 G = Total turns spent on level
                    A         B        C        D         E        F      G
               +---------+---------+-------+---------+---------+-------+---------
         Total |       0 |      75 |   0.0 |       0 |      11 |   0.0 |   270
               +---------+---------+-------+---------+---------+-------+---------
           D:1 |       0 |       4 |   0.0 |       0 |       3 |   0.0 |    72
           D:2 |       0 |       1 |   0.0 |       0 |       1 |   0.0 |    54
           D:3 |       0 |      70 |   0.0 |       0 |       7 |   0.0 |   144
               +---------+---------+-------+---------+---------+-------+---------
